 Dungeon Crawl Stone Soup version 0.21.1-1-g345015fe64 (webtiles) character file.

15047 Gargoyl the Cleaver (level 11, 0/92 HPs)
             Began as a Centaur Abyssal Knight on Apr 11, 2018.
             Was a High Priest of Lugonu.
             Slain by a blink frog (6 damage)
             ... on level 3 of the Lair of Beasts.
             The game lasted 00:22:04 (12795 turns).

Gargoyl the Cleaver (Centaur Abyssal Knight)       Turns: 12795, Time: 00:22:05

Health: 0/92       AC: 28    Str: 20    XL:     11   Next: 96%
Magic:  17/17      EV:  3    Int: 11    God:    Lugonu [*****.]
Gold:   573        SH:  0    Dex: 12    Spells: 10/10 levels left

rFire    . . .     SeeInvis .   a - +9 hand axe (flame)
rCold    + + +     Gourm    .   R - +0 shield
rNeg     + . .     Faith    .   g - +0 chain mail {rC+}
rPois    +         Spirit   .   F - +1 helmet
rElec    .         Reflect  .   o - +2 cloak
rCorr    .         Harm     .   z - +1 pair of gloves {Str+3}
MR       .....                  G - +4 centaur barding {rC+}
Stlth    ..........             (no amulet)
HPRegen  0.25/turn              L - ring of positive energy
MPRegen  0.15/turn              K - ring of poison resistance

@: confused, very quick
A: large, hooves 3, cold resistance 1, deformed body, speed 2, strong 1, tough
skin 3
a: Depart the Abyss, Bend Space, Banish, Corrupt, Enter the Abyss, Renounce
Religion


You were on level 3 of the Lair of Beasts.
You worshipped Lugonu.
Lugonu was extremely pleased with you.
You were not hungry.

You visited 2 branches of the dungeon, and saw 13 of its levels.
You visited the Abyss 1 time.
You also visited: Volcano.

You collected 685 gold pieces.
You spent 112 gold pieces at shops.

Inventory:

Hand Weapons
 a - a +9 hand axe of flaming (weapon)
 D - a +4 hand axe of protection
Armour
 g - a +0 chain mail of cold resistance (worn)
 o - a +2 cloak (worn)
 y - the +0 helmet of Fedhas's Displeasure {rPois rF- Regen+ rCorr}
   (You found it on level 5 of the Dungeon)

   It makes you vulnerable to fire.
   It protects you from poison.
   It increases your rate of regeneration.
   It protects you from acid and corrosion.
 z - a +1 pair of gloves of strength (worn)
 F - a +1 helmet (worn)
 G - a +4 centaur barding of cold resistance (worn)
 R - a +0 shield (worn)
Jewellery
 K - a ring of poison resistance (right hand)
 L - a ring of positive energy (left hand)
Wands
 f - a wand of scattershot (10)
 l - a wand of clouds (6)
 n - a wand of flame (39)
 r - a wand of enslavement (13)
 v - a wand of paralysis (25)
 C - a wand of iceblast (11)
 E - a wand of random effects (12)
 N - a wand of disintegration (16)
Scrolls
 h - 4 scrolls of identify
 k - 13 scrolls of teleportation
 t - a scroll of amnesia
 u - a scroll of magic mapping
 B - 2 scrolls of remove curse
 M - a scroll of blinking
Potions
 b - a potion of lignification
 d - 2 potions of haste
 e - 3 potions of cancellation
 i - 3 potions of brilliance
 j - 2 potions of might
 p - 6 potions of curing
 s - a potion of invisibility
 x - 5 potions of agility
 A - a potion of ambrosia
 H - a potion of flight
Books
 m - a book of the Sky

   Spells                             Type                      Level
   a - Summon Lightning Spire         Summoning/Air                4
   b - Silence                        Hexes/Air                    5
   c - Deflect Missiles               Charms/Air                   6
   d - Conjure Ball Lightning         Conjuration/Air              6
   e - Tornado                        Air                          9
 w - a book of Minor Magic

   Spells                             Type                      Level
   a - Magic Dart                     Conjuration                  1
   b - Blink                          Translocation                2
   c - Call Imp                       Summoning                    2
   d - Slow                           Hexes                        2
   e - Conjure Flame                  Conjuration/Fire             3
   f - Mephitic Cloud                 Conjuration/Poison/Air       3
 I - An Early Guide to the Arcane Arts
   (You found it on level 9 of the Dungeon)

   Spells                             Type                      Level
   a - Throw Frost                    Conjuration/Ice              2
   b - Slow                           Hexes                        2
   c - Call Imp                       Summoning                    2
   d - Blink                          Translocation                2
   e - Passwall                       Transmutation/Earth          2
 J - a book of Changes

   Spells                             Type                      Level
   a - Beastly Appendage              Transmutation                1
   b - Sticks to Snakes               Transmutation                2
   c - Spider Form                    Transmutation/Poison         3
   d - Ice Form                       Ice/Transmutation            4
   e - Blade Hands                    Transmutation                5
 P - a book of Ice

   Spells                             Type                      Level
   a - Ice Form                       Ice/Transmutation            4
   b - Metabolic Englaciation         Hexes/Ice                    5
   c - Ozocubu's Refrigeration        Ice                          6
   d - Bolt of Cold                   Conjuration/Ice              6
   e - Freezing Cloud                 Conjuration/Ice/Air          6
   f - Simulacrum                     Ice/Necromancy               6
Comestibles
 c - 14 rations


   Skills:
 + Level 7.4 Fighting
 + Level 9.7 Axes
 * Level 9.1 Armour
 + Level 2.5 Dodging
 + Level 2.8 Shields
 * Level 9.2 Invocations
 + Level 1.0 Evocations


You had 10 spell levels left.
You didn't know any spells.

Dungeon Overview and Level Annotations

Branches:
Dungeon (10/15)            Temple (0/1) D:4            Lair (3/6) D:10
  Snake (0/4) Lair:3          Orc (0/2) D:9
  Swamp: Lair:2-4    Shoals: Lair:2-4

Altars:
Cheibriados
Elyvilon
Hepliaklqana
Nemelex Xobeh
Okawaru
Uskayaw
Vehumet
Wu Jian
Zin

Shops:
D:9 *

Annotations:
D:7 exclusion: ice statue


Innate Abilities, Weirdness & Mutations

You have hooves in place of feet.
Armour fits poorly on your strangely shaped body.
You cover ground very quickly.
You have extremely tough skin. (AC +3)
Your flesh is cold resistant. (rC+)
Your muscles are strong. (Str +2)


Message History

You hit the blink frog. You burn the blink frog. You kick the blink frog!
The blink frog is heavily wounded.
You hit the blink frog. You burn the blink frog.
The blink frog hits you but does no damage.
You block the blink frog's attack.
The blink frog blinks!
You block the blink frog's attack.
Unknown command.
You are confused.
You feel invigorated. The blink frog barely misses you.
The blink frog completely misses you.
You nearly stumble into some lava!
The blink frog hits you!
* * * LOW HITPOINT WARNING * * *
The blink frog blinks!
The blink frog hits you.
* * * LOW HITPOINT WARNING * * *
The blink frog blinks!
Unknown command.
The blink frog blinks!
The blink frog hits you!
* * * LOW HITPOINT WARNING * * *
You nearly stumble into some lava!
The blink frog hits you.
You die...

##.....# **..#.#.#.#.#.
##......# *.#F.#########
#....§..# ###.##********
###.##..# *...*,*,*,,,*
###...#### *...,,,,,,,,,
#..F###.###*#..,,,,,,,,,
#...#≈≈.§≈#*,,,,,,,,,,,,
#...#≈≈F≈§#,,,,,,,,,,,,,
#...#≈≈@≈≈#,,,,,,,,*,,,,
#!..##≈F≈##,,,,,,,,,,,,,
*##...#...#*,,,,,,,,,,,,,
**,#...F...#,,,,,,,,,,,,,,
*,,##...§.##**,,,*,,,,,,,,
*,,,#######,,,******,*,,,,
*,,,,,,,,,,,*** *,***,,
**,,,,,,,,,,* *,,,,,,
*,,,,,,,,,,** *,,,,,,


You could see 3 blink frogs.

Vanquished Creatures
  A two-headed ogre (D:10)
  The ghost of Delanovic the Slicer, a novice KoBe of Trog (D:9)
  An oklob plant (Lair:2)
  A torpor snail (Lair:2)
  A spiny frog (Lair:2)
  2 black mambas
  A gargoyle (D:10)
  2 komodo dragons (Lair:1)
  Grinder (D:5)
  2 blink frogs (Lair:3)
  2 hippogriffs
  Sigmund (D:3)
  23 yaks
  A basilisk (Lair:3)
  3 hungry ghosts
  4 nagas (Lair:3)
  2 water moccasins
  2 porcupines (Lair:2)
  2 hell hounds (D:10)
  Purgy (D:3)
  A necrophage (D:7)
  3 ice beasts
  3 orc warriors
  2 sky beasts (D:5)
  5 ogres
  2 phantoms (D:7)
  6 wolves (Lair:2)
  2 centaurs
  3 crocodiles (Lair:2)
  2 big kobolds
  7 bullfrogs
  An earth elemental (Volcano)
  A gnoll sergeant (D:9)
  A water moccasin skeleton (D:9)
  6 killer bees (D:10)
  5 wights (D:7)
  An electric eel (D:7)
  A howler monkey (D:5)
  5 crimson imps
  4 hounds
  3 bullfrog skeletons
  5 orc priests
  A gnoll shaman (D:7)
  Crazy Yiuf (D:2)
  A centaur skeleton (D:5)
  3 iguanas
  4 orc wizards
  8 worker ants
  A killer bee zombie (D:6)
  A mummy (D:8)
  9 adders
  15 gnolls
  A howler monkey skeleton (D:7)
  2 shadow imps
  2 oozes
  3 adder zombies
  An adder skeleton (D:4)
  A worm (D:4)
  3 dart slugs
  3 leopard geckos
  50 orcs
  2 bats
  5 giant cockroaches
  4 goblins
  7 hobgoblins
  8 jackals
  10 kobolds
  A quokka (D:9)
  3 ball pythons
  2 frilled lizards (D:3)
  A quokka zombie (D:5)
  9 rats
  2 fungi (Lair:2)
287 creatures vanquished.

Vanquished Creatures (others)
  An oklob plant (Lair:2)
  An efreet (Lair:3)
  2 fungi
4 creatures vanquished.

Grand Total: 291 creatures vanquished

Notes
Turn   | Place    | Note
-------+----------+-------------------------------------------
     0 | Abyss:1  | Gargoyl the Centaur Abyssal Knight began the quest for the Orb.
     0 | Abyss:1  | Reached XP level 1. HP: 19/19 MP: 2/2
   107 | Abyss:1  | Noticed a rust devil
   108 | Abyss:1  | Noticed an earth elemental
   109 | D:1      | Escaped the Abyss
   377 | D:1      | Reached XP level 2. HP: 26/26 MP: 3/3
   388 | D:1      | Reached * piety under Lugonu
   781 | D:2      | Reached XP level 3. HP: 14/31 MP: 4/4
  1281 | D:2      | Found a hide-covered altar of Uskayaw.
  1429 | D:2      | Found a runed door.
  1899 | D:2      | Reached XP level 4. HP: 39/39 MP: 5/5
  1988 | D:2      | Noticed Crazy Yiuf
  2004 | D:2      | Killed Crazy Yiuf
  2351 | D:3      | Found a glowing silver altar of Zin.
  2501 | D:3      | Noticed Sigmund
  2517 | D:3      | Killed Sigmund
  2517 | D:3      | Reached skill level 1 in Dodging
  2517 | D:3      | Reached XP level 5. HP: 33/46 MP: 7/7
  2517 | D:3      | Reached XP level 6. HP: 37/52 MP: 8/8
  2617 | D:3      | Noticed Purgy
  2633 | D:3      | Killed Purgy
  3086 | D:4      | Found a staircase to the Ecumenical Temple.
  3509 | D:4      | Reached XP level 7. HP: 57/58 MP: 9/9
  3548 | D:4      | Reached ** piety under Lugonu
  4166 | D:5      | Entered Level 5 of the Dungeon
  4520 | D:5      | Noticed Grinder
  4529 | D:5      | Paralysed by Grinder for 2 turns
  4546 | D:5      | Paralysed by Grinder for 3 turns
  4551 | D:5      | Killed Grinder
  4551 | D:5      | Reached XP level 8. HP: 40/66 MP: 11/11
  4719 | D:5      | Reached skill level 1 in Shields
  4734 | D:5      | Got a crude helmet
  4740 | D:5      | Identified the cursed +0 helmet of Fedhas's Displeasure {rPois rF- Regen+ rCorr} (You found it on level 5 of the Dungeon)
  4778 | D:5      | Reached skill level 5 in Axes
  4778 | D:5      | Reached skill level 5 in Armour
  4837 | D:5      | Found a sparkling altar of Nemelex Xobeh.
  5051 | D:6      | Identified a scroll of acquirement
  5203 | D:6      | Reached skill level 5 in Invocations
  5744 | D:7      | Reached *** piety under Lugonu
  5744 | D:7      | Reached XP level 9. HP: 66/72 MP: 13/13
  6089 | D:7      | Reached skill level 5 in Fighting
  6118 | D:7      | Noticed an ice statue
  6405 | D:7      | Found a radiant altar of Vehumet.
  6920 | D:8      | Found a white marble altar of Elyvilon.
  6957 | D:8      | Found an iron altar of Okawaru.
  6993 | D:8      | Gained mutation: Your flesh is cold resistant. (rC+) [potion of mutation]
  6993 | D:8      | Gained mutation: Your muscles are strong. (Str +2) [potion of mutation]
  7177 | D:8      | Found an ornate altar of the Wu Jian Council.
  7345 | D:8      | Found a snail-covered altar of Cheibriados.
  7511 | D:9      | Found a hazy altar of Hepliaklqana.
  7630 | D:9      | Reached **** piety under Lugonu
  7733 | D:9      | Identified An Early Guide to the Arcane Arts
  7862 | D:9      | Noticed Delanovic's ghost (novice KoBe)
  7882 | D:9      | Killed Delanovic's ghost
  7882 | D:9      | Reached XP level 10. HP: 74/82 MP: 9/15
  7929 | D:9      | Found Ziqafeux's General Store.
  7940 | D:9      | Bought a scroll of enchant weapon for 112 gold pieces
  8514 | D:9      | Found a staircase to the Orcish Mines.
  8555 | D:10     | Entered Level 10 of the Dungeon
  8688 | D:10     | Found a staircase to the Lair.
  8692 | D:10     | Noticed a two-headed ogre
  8737 | D:10     | Killed a two-headed ogre
  8750 | D:10     | Reached skill level 1 in Evocations
  9147 | D:10     | Reached ***** piety under Lugonu
  9154 | D:10     | Reached XP level 11. HP: 86/90 MP: 17/17
  9614 | Lair:1   | Entered Level 1 of the Lair of Beasts
 11248 | Lair:2   | Noticed an oklob plant
 11251 | Lair:2   | Noticed an oklob plant
 11264 | Lair:2   | Killed an oklob plant
 11383 | Lair:2   | Banished an oklob plant
 12050 | Lair:3   | Found a staircase to the Snake Pit.
 12630 | Lair:3   | Found a dark tunnel.
 12639 | Volcano  | Entered a volcano
 12794 | Lair:3   | HP: 2/92 [blink frog (11)]
 12795 | Lair:3   | Slain by a blink frog

Skill      XL: |  1  2  3  4  5  6  7  8  9 10 11 |
---------------+----------------------------------+-----
Axes           | 2 3 4 5 7 8 9 |  9.7
Armour         | 2 3 4 5 7 9 |  9.1
Dodging        | 1 2 |  2.5
Invocations    | 3 4 5 7 8 9 |  9.2
Fighting       | 4 5 6 7 |  7.4
Shields        | 1 2 |  2.8
Evocations     | 1 |  1.0

Action                   |  1- 3 |  4- 6 |  7- 9 | 10-12 || total
-------------------------+-------+-------+-------+-------++-------
Melee: Hand axe          |    66 |   103 |   409 |   354 ||   932
       Kick              |     8 |    21 |   113 |   121 ||   263
Invok: Depart the Abyss  |     1 |       |       |       ||     1
       Banish            |       |       |     3 |     3 ||     6
Evoke: Wand              |       |       |     5 |       ||     5
  Use: Scroll            |    10 |     3 |    16 |    13 ||    42
       Potion            |       |     2 |     2 |     5 ||     9
  Eat: Chunk             |     2 |     4 |    11 |    13 ||    30
       Ration            |       |       |     1 |     2 ||     3
Armor: Ring mail         |    22 |    65 |       |       ||    87
       Chain mail        |       |    13 |   248 |   278 ||   539
       Plate armour      |       |       |    61 |       ||    61
Dodge: Dodged            |    30 |    53 |    82 |    69 ||   234
Block: Buckler           |     4 |    16 |    47 |    50 ||   117
       Shield            |       |       |       |    36 ||    36
